 Dungeon Crawl Stone Soup version 0.31-a0-182-gc5ef74bbde (webtiles) character file.

Game seed: 7315625413525185552

275 qw the Chopper (level 6, -2/38 HPs)
             Began as a Gargoyle Fighter on June 20, 2023.
             Was an Initiate of Okawaru.
             Slain by an ice beast (14 damage)
             ... on level 5 of the Dungeon.
             The game lasted 00:01:23 (2921 turns).

qw the Chopper (Gargoyle Fighter)                   Turns: 2921, Time: 00:01:23

Health: -2/38      AC: 16    Str: 21    XL:     6   Next: 25%
Magic:  6/6        EV:  7    Int:  9    God:    Okawaru [......]
Gold:   118        SH:  4    Dex:  9    Spells: 5/5 levels left

rFire   . . .        Y - +0 war axe (freeze)
rCold   . . .        c - +0 buckler
rNeg    + + .        q - +0 chain mail
rPois   inf          (no helmet)
rElec   +            (no cloak)
rCorr   .            f - +1 pair of gloves
SInv    .            n - +0 pair of boots
Will    .....        (no amulet) Stlth
                     r - ring of positive energy
HPRegen 0.26/turn    (no ring)
MPRegen 0.10/turn

%: no passive effects
@: no status effects
A: sickness immunity, AC +4, negative energy resistance 1, electricity
resistance, torment resistance 1, petrification resistance
a: Renounce Religion


You were on level 5 of the Dungeon.
You worshipped Okawaru.
Okawaru was noncommittal.
You visited 2 branches of the dungeon, and saw 6 of its levels.

You collected 118 gold pieces.


Innate Abilities, Weirdness & Mutations

You are immune to sickness and miasma.
Your stone body is resilient. (AC +4)
You are immune to poison.
You resist negative energy. (rN+)
You are resistant to electric shocks. (rElec)
You are resistant to unholy torment.
You are immune to petrification.


   Skills:
 - Level 4.0 Fighting
 + Level 5.5 Axes
 - Level 3.2 Armour
 - Level 3.2 Shields


You had 5 spell levels left.
You didn't know any spells.
Your spell library was empty.

Inventory:

Hand Weapons
 o - a +0 flail
 Y - a +0 war axe of freezing (weapon)
Missiles
 i - 2 boomerangs (quivered)
Armour
 c - a +0 buckler (worn)
 f - a +1 pair of gloves (worn)
 n - a +0 pair of boots (worn)
 q - a +0 chain mail (worn)
Jewellery
 e - an amulet of guardian spirit
 r - a ring of positive energy (left hand)
Scrolls
 a - 5 scrolls of teleportation
 g - a scroll of identify
Potions
 b - a potion of haste
 d - 3 potions of might
 h - 2 potions of curing
 j - a potion of degeneration {unknown}
 k - a potion of attraction
 l - a potion of lignification

Dungeon Overview and Level Annotations

Branches:
Dungeon (5/15)             Temple (1/1) D:4

Altars:
Cheibriados
Elyvilon
Gozag
Hepliaklqana
Kikubaaqudgha
Makhleb
Nemelex Xobeh
Okawaru
Qazlal
Ru
Trog
Uskayaw
Wu Jian
Zin
The Shining One

Annotations:
D:3 1 runed translucent door, Crazy Yiuf


Message History

You barely miss the orc wizard.
The orc wizard is moderately wounded.
You closely miss the ice beast.
The orc wizard hits you with a +0 dagger.
You block the ice beast's attack.
You hit the orc wizard. You freeze the orc wizard.
The orc wizard is heavily wounded.
You hit the ice beast.
The orc wizard hits you with a +0 dagger.
The ice beast hits you but does no damage.
The ice beast barely misses you.
The orc wizard hits you but does no damage.
You slash the orc wizard! You freeze the orc wizard.
You kill the orc wizard!
Okawaru accepts your kill.
You barely miss the ice beast. The ice beast hits you.
The ice beast freezes you!
You slash the ice beast!
The ice beast is heavily wounded.
The ice beast hits you but does no damage.
You barely miss the ice beast.
The ice beast is heavily wounded.
The ice beast hits you. The ice beast freezes you!
You closely miss the ice beast.
The ice beast is heavily wounded.
You block the ice beast's attack. x2
You hit the ice beast but do no damage.
The ice beast is heavily wounded.
You block the ice beast's attack.
You hit the ice beast but do no damage.
The ice beast is heavily wounded.
The ice beast hits you but does no damage.
You closely miss the ice beast.
The ice beast is heavily wounded.
The ice beast hits you but does no damage.
You hit the ice beast.
The ice beast is heavily wounded.
The ice beast barely misses you. The ice beast hits you.
The ice beast freezes you!
You die...

...... ........
#....####.........
#..#..##..........
..#........|........
...........#..).....
#..........#........
....###<%...........
#..)).....)......
#........@)......
#.......#.#Y)....#.
#.......####.....##
.#...##.# ...#..#
#... #.# #..#..#
#.... ..# ...# ...
#... ... .... ..#
.... .##


You could see an ice beast.

Vanquished Creatures
  A scorpion (D:2)
  A hound (D:4)
  2 iguanas (D:4)
  An orc wizard (D:5)
  2 adders
  2 worms
  3 dart slugs (D:3)
  7 orcs
  10 ball pythons
  4 endoplasms
  3 giant cockroaches
  6 goblins
  6 hobgoblins
  6 jackals
  4 quokkas
  7 bats
  3 frilled lizards
  3 kobolds
  8 rats
79 creatures vanquished.

Notes
Turn   | Place    | Note
-------+----------+-------------------------------------------
     0 | D:1      | qw the Gargoyle Fighter began the quest for the Orb.
     0 | D:1      | Reached XP level 1. HP: 14/14 MP: 1/1
     0 | D:1      | 0 ||| qw: Version: 0.3-a-9-g12657ce
     0 | D:1      | 0 ||| qw: Game counter: 1399
     0 | D:1      | 0 ||| qw: Always use a shield: true
     0 | D:1      | 0 ||| qw: God list: Okawaru
     0 | D:1      | 0 ||| qw: Allow faded altars: false
     0 | D:1      | 0 ||| qw: Do Orc after D:15 true
     0 | D:1      | 0 ||| qw: Do second Lair branch before Depths: true
     0 | D:1      | 0 ||| qw: Lair rune preference: random
     0 | D:1      | 0 ||| qw: Plans: Normal, Zot:1-4, Slime:5, God:TSO, Crypt,
                  | Tomb, Abyss, Pan, Hells, Win
     0 | D:1      | 0 ||| PLANNING D:1-11
    76 | D:1      | Reached skill level 2 in Axes
   265 | D:1      | Reached XP level 2. HP: 19/19 MP: 2/2
   311 | D:1      | 311 ||| DROPPING +0 club.
   849 | D:1      | 849 ||| READING 2 scrolls labelled LEAZUO KOMITA.
   852 | D:1      | 852 ||| READING 3 scrolls labelled IDGHOI WETOVIU.
   853 | D:1      | 853 ||| READING scroll labelled VUOT PAEQOQOCS.
   854 | D:1      | 854 ||| READING scroll labelled SACHIBR ZYHU.
   855 | D:1      | 855 ||| DRINKING 2 viscous grey potions.
   856 | D:1      | 856 ||| READING 2 scrolls of identify.
   856 | D:1      | 856 ||| IDENTIFYING fuming purple potion
   927 | D:2      | Noticed a scorpion
   930 | D:2      | Killed a scorpion
   931 | D:2      | Reached skill level 4 in Axes
   931 | D:2      | Reached XP level 3. HP: 23/23 MP: 3/3
   931 | D:2      | Reached XP level 4. HP: 28/28 MP: 4/4
  1062 | D:2      | 1062 ||| Stepping ~*~*~tactically~*~*~ (stealth).
  1074 | D:2      | 1074 ||| Stepping ~*~*~tactically~*~*~ (water).
  1121 | D:2      | 1121 ||| DROPPING +0 whip.
  1656 | D:2      | 1656 ||| UPGRADING to +1 pair of gloves.
  1661 | D:2      | 1661 ||| UPGRADING to +0 pair of boots.
  1666 | D:2      | 1666 ||| READING scroll labelled NASY EPHUEDAR.
  1764 | D:3      | 1764 ||| Stepping ~*~*~tactically~*~*~ (stealth).
  1768 | D:3      | 1768 ||| Stepping ~*~*~tactically~*~*~ (hiding).
  1772 | D:3      | 1772 ||| Stepping ~*~*~tactically~*~*~ (hiding).
  1836 | D:3      | 1836 ||| Stepping ~*~*~tactically~*~*~ (stealth).
  1875 | D:3      | Reached XP level 5. HP: 32/32 MP: 5/5
  2193 | D:3      | Found a runed translucent door.
  2194 | D:3      | Noticed Crazy Yiuf
  2197 | D:3      | 2197 ||| UPGRADING to +0 chain mail.
  2207 | D:3      | 2207 ||| DROPPING +0 scale mail.
  2208 | D:3      | 2208 ||| UPGRADING to ring of positive energy.
  2209 | D:3      | 2209 ||| READING 3 scrolls labelled LENKYU IQIA.
  2210 | D:3      | 2210 ||| READING scroll labelled VUIRUSTR ROARUW.
  2211 | D:3      | 2211 ||| READING scroll labelled TYBRUO KOUGI.
  2212 | D:3      | 2212 ||| READING 2 scrolls of identify.
  2212 | D:3      | 2212 ||| IDENTIFYING golden potion
  2213 | D:3      | 2213 ||| DROPPING 2 scrolls of fear.
  2282 | D:4      | 2282 ||| Stepping ~*~*~tactically~*~*~ (stealth).
  2285 | D:4      | Reached skill level 5 in Axes
  2353 | D:4      | HP: 7/32 [iguana (9)]
  2354 | D:4      | 2354 ||| READING 6 scrolls of teleportation.
  2355 | D:4      | 2355 ||| DRINKING potion of heal wounds.
  2468 | D:4      | Found a staircase to the Ecumenical Temple.
  2469 | D:4      | 2469 ||| PLANNING TEMPLE
  2470 | D:4      | 2470 ||| READING 2 scrolls of identify.
  2470 | D:4      | 2470 ||| IDENTIFYING clear potion
  2476 | Temple   | Entered the Ecumenical Temple
  2477 | Temple   | 2477 ||| PLANNING OKAWARU WORSHIP
  2490 | Temple   | Became a worshipper of Warmaster Okawaru
  2491 | Temple   | 2491 ||| PLANNING D:1-11
  2549 | D:4      | Reached XP level 6. HP: 38/38 MP: 6/6
  2599 | D:4      | Found a stormy altar of Qazlal.
  2603 | D:4      | Found a bloodstained altar of Trog.
  2604 | D:4      | Found an ornate altar of the Wu Jian Council.
  2605 | D:4      | Found a white marble altar of Elyvilon.
  2717 | D:4      | 2717 ||| Stepping ~*~*~tactically~*~*~ (stealth).
  2838 | D:4      | 2838 ||| DRINKING 2 cyan potions.
  2887 | D:5      | Entered Level 5 of the Dungeon
  2899 | D:5      | 2899 ||| DROPPING +0 mace.
  2902 | D:5      | Noticed an ice beast
  2921 | D:5      | Slain by an ice beast

Levels and vault maps discovered:
D:1:      dpeg_arrival_radiant, layout_loops_corners
D:2:      minmay_chambers_of_ones, layout_basic, chequers_serial_rivers_small_3,
          minmay_misc_feat_x, kennysheep_minor_cross, kennysheep_path_1
D:3:      layout_rooms, uniq_crazy_yiuf_cottage
D:4:      layout_basic, mainiacjoe_overflow_alcove_3, temple_green, st_stairs_8
D:5:      layout_layer_cave, minmay_misc_feat_square, uniq_blork_the_orc
Temple:   minmay_freezing_vapour_temple

Skill      XL: |  1  2  3  4  5 |
---------------+----------------+-----
Axes           | 2 4 5 |  5.5
Fighting       | 4 |  4.0
Armour         | |  3.2
Shields        | |  3.2

Action                     |  1- 3 |  4- 6 || total
---------------------------+-------+-------++-------
  Melee: War axe           |    38 |   114 ||   152
  Throw: Boomerang         |    27 |   114 ||   141
    Use: Scroll            |     5 |     7 ||    12
         Potion            |     1 |     2 ||     3
 Armour: Scale mail        |    25 |    34 ||    59
         Chain mail        |       |    27 ||    27
  Dodge: Dodged            |    16 |    46 ||    62
  Block: Buckler           |     9 |    20 ||    29

Table legend:
 A = Non-vault XP
 B = Vault XP
 C = Vault XP percentage of total XP
 D = Non-vault monster count
 E = Vault monster count
 F = Vault count percentage of total count
                 A         B        C        D         E       F
            +---------+---------+-------+---------+---------+-------
      Total |     379 |      15 |   3.8 |      72 |       7 |   8.9
            +---------+---------+-------+---------+---------+-------
        D:1 |      26 |       0 |   0.0 |      16 |       0 |   0.0
        D:2 |     108 |       9 |   7.7 |      12 |       5 |  29.4
        D:3 |      47 |       0 |   0.0 |      24 |       0 |   0.0
        D:4 |     134 |       6 |   4.3 |      13 |       2 |  13.3
        D:5 |      64 |       0 |   0.0 |       7 |       0 |   0.0
            +---------+---------+-------+---------+---------+-------
